 Dungeon Crawl Stone Soup version 0.17.0-7-gfadd4cc (console) character file.

636 Kloppie the Chopper (level 7, -8/64 HPs)
             Began as a Minotaur Berserker on Nov 8, 2015.
             Was an Elder of Trog.
             Mangled by an orc warrior
             ... wielding a +0 scimitar of freezing
              (14 damage)
             ... on level 5 of the Dungeon.
             The game lasted 00:06:42 (3859 turns).

Kloppie the Chopper (Minotaur Berserker)            Turns: 3859, Time: 00:06:42

Health: -8/64      AC: 11    Str: 21    XL:     7   Next: 25%
Magic:  6/6        EV:  8    Int:  4    God:    Trog [****..]
Gold:   279        SH:  0    Dex: 12    Spells: 0 memorised, 6 levels left

rFire  . . .     SeeInvis .     a - +0 hand axe
rCold  . . .     Clarity  .     p - +0 chain mail
rNeg   . . .     SustAt   .     (no shield)
rPois  .         Gourm    .     (helmet restricted)
rElec  .         Spirit   .     (no cloak)
rCorr  .         Warding  .     g - +0 pair of gloves
rMut   .         Stasis   .     (no boots)
MR     .....                    (no amulet)
Stlth  ..........               (no ring)
                                (no ring)

@: not resistant to hostile enchantments, extremely unstealthy
A: retaliatory headbutt, horns 2
a: Berserk, Trog's Hand, Brothers in Arms, Burn Spellbooks, Renounce Religion


You were on level 5 of the Dungeon.
You worshipped Trog.
Trog was greatly pleased with you.
You were not hungry.

You visited 1 branch of the dungeon, and saw 5 of its levels.

You collected 279 gold pieces.

Inventory:

Hand Weapons
 a - a +0 hand axe (weapon)
Armour
 g - a +0 pair of gloves (worn)
 p - a +0 chain mail (worn)
Jewellery
 r - an uncursed ring of positive energy {unknown}
Wands
 m - a wand of confusion (13)
 v - a wand of confusion (5)
Scrolls
 b - 2 scrolls of identify {unknown}
 d - 3 scrolls of remove curse {unknown}
 e - 2 scrolls of amnesia {unknown}
 h - a scroll of immolation {unknown}
 k - 4 scrolls of teleportation {unknown}
 q - 2 scrolls of noise {unknown}
 w - a scroll of magic mapping {unknown}
 x - a scroll of enchant weapon {unknown}
 y - a scroll of fear {unknown}
Potions
 j - a potion of might {unknown}
 l - a potion of agility {unknown}
 n - a potion of cancellation {unknown}
 s - 2 potions of poison {unknown}
 t - a potion of berserk rage {unknown}
 z - a potion of flight {unknown}
Comestibles
 c - 3 bread rations
 f - 4 fruits
 i - a meat ration
 u - a royal jelly
 A - 3 slices of pizza


   Skills:
 + Level 6.4 Fighting
 + Level 6.5 Axes
 + Level 6.1 Armour
 - Level 2.1 Dodging


You had 6 spell levels left.
You didn't know any spells.

Dungeon Overview and Level Annotations

Branches:
Dungeon (5/15)
 Temple: D:4-7

Altars:
Cheibriados
Kikubaaqudgha
Makhleb
Zin


Innate Abilities, Weirdness & Mutations

You reflexively headbutt those who attack you in melee.
You have a pair of horns on your head.


Message History

The orc warrior is moderately wounded.
The orc warrior hits you with a scimitar of freezing.
The orc warrior freezes you.
Your unstable footing causes you to fumble your attack.
The orc warrior hits you but does no damage.
You closely miss the orc warrior.
You headbutt the orc warrior, but do no damage.
The orc warrior is moderately wounded.
Your unstable footing causes you to fumble your attack.
The orc warrior closely misses you. You furiously retaliate!
You headbutt the orc warrior!
Your unstable footing causes you to fumble your attack.
The orc warrior hits you with a scimitar of freezing!!
* * * LOW HITPOINT WARNING * * *
The orc warrior freezes you!
* * * LOW HITPOINT WARNING * * *
You hit the orc warrior. You headbutt the orc warrior!
The orc warrior is almost dead.
The orc warrior hits you with a scimitar of freezing!
You die...

#..##..## .....
#..##...####....
#..##....##.... #
#...#....##... .# .
##..#....##..# #####.#..
#..#.##..#..# #........
###..#.###.#..# #).......
.....#.###....#####.†......
##..............@o{o.......
###..#.####...#.####..#.#.#
#..#.#####..#.# ..#
#........#..#.# ..#
#..#####.#..#.# ..#
#..#...# #..#.# ..#
#..#.#.# #+##+# ..#
#..#.#.# $.. #..#.#.#


You could see an orc warrior and an orc.

Vanquished Creatures
  2 ogres
  A sky beast (D:5)
  An orc wizard (D:4)
  An orc priest (D:4)
  A hound (D:5)
  A worker ant (D:4)
  An iguana (D:5)
  Robin (D:4)
  7 adders
  5 river rats (D:5)
  An ooze (D:3)
  An adder skeleton (D:4)
  A worm (D:2)
  A giant gecko (D:4)
  9 orcs
  9 bats
  6 giant cockroaches
  17 goblins
  10 hobgoblins
  10 kobolds
  4 quokkas
  4 giant newts (D:1)
  35 rats
129 creatures vanquished.

Notes
Turn   | Place    | Note
--------------------------------------------------------------
     0 | D:1      | Kloppie the Minotaur Berserker began the quest for the Orb.
     0 | D:1      | Reached XP level 1. HP: 19/19 MP: 0/0
   108 | D:1      | Reached XP level 2. HP: 25/27 MP: 1/1
   361 | D:1      | Reached skill level 4 in Axes
   414 | D:1      | Reached ** piety under Trog
   733 | D:2      | Reached XP level 3. HP: 33/33 MP: 2/2
   757 | D:2      | Found a snail-covered altar of Cheibriados.
   920 | D:2      | Found a glowing silver altar of Zin.
  1101 | D:2      | Found an ancient bone altar of Kikubaaqudgha.
  1493 | D:3      | Reached XP level 4. HP: 39/41 MP: 3/3
  1882 | D:3      | Noticed an ogre
  1888 | D:3      | Killed an ogre
  1888 | D:3      | Reached skill level 5 in Fighting
  1888 | D:3      | Reached skill level 5 in Axes
  1888 | D:3      | Reached XP level 5. HP: 12/48 MP: 4/4
  2135 | D:3      | Reached *** piety under Trog
  2539 | D:4      | Found a burning altar of Makhleb.
  2624 | D:4      | Reached XP level 6. HP: 37/56 MP: 5/5
  2667 | D:4      | Noticed Robin
  2698 | D:4      | Reached skill level 5 in Armour
  2708 | D:4      | Killed Robin
  2717 | D:4      | HP: 2/57 [hobgoblin/club[Robin] (3)]
  3168 | D:4      | Noticed an ogre
  3178 | D:4      | Killed an ogre
  3178 | D:4      | Reached skill level 6 in Fighting
  3432 | D:5      | Entered Level 5 of the Dungeon
  3602 | D:5      | Reached **** piety under Trog
  3670 | D:5      | Reached XP level 7. HP: 35/63 MP: 6/6
  3859 | D:5      | Mangled by an orc warrior

Action                   |  1- 3 |  4- 6 |  7- 9 || total
-------------------------+-------+-------+-------++-------
Melee: Hand axe          |    90 |   189 |    40 ||   319
Invok: Berserk           |       |     1 |       ||     1
Evoke: Wand              |       |     1 |       ||     1
 Stab: Confused          |       |     2 |       ||     2
  Eat: Chunk             |     2 |     6 |     1 ||     9
       Beef jerky        |       |     1 |       ||     1
